 Dungeon Crawl Stone Soup version 0.16.2-12-gd0ad4c3 (webtiles) character file.

830 DarkTechnomancer the Conjurer (level 7, -1/40 HPs)
             Began as a Gargoyle Wizard on Oct 25, 2015.
             Was an Initiate of Vehumet.
             Shot with an arrow by a centaur (5 damage)
             ... on level 5 of the Dungeon.
             The game lasted 00:45:41 (6111 turns).

DarkTechnomancer the Conjurer (Gargoyle Wizard)     Turns: 6111, Time: 00:45:41

Health: -1/40      AC: 14    Str: 11    XL:     7   Next: 97%
Magic:  15/18      EV: 13    Int: 20    God:    Vehumet [......]
Gold:   220        SH:  0    Dex:  8    Spells: 4 memorised, 6 levels left

rFire  . . .     SeeInvis .     o - +0 club
rCold  + . .     Clarity  .     k - +1 ring mail {rPois}
rNeg   + . .     SustAb   .     (no shield)
rPois  ∞         Gourm    .     n - +1 helmet
rElec  +         Spirit   .     m - +0 cloak
rCorr  .         Warding  .     (no gloves)
rMut   .         Stasis   .     (no boots)
MR     .....                    (no amulet)
Stlth  +.........               j - ring of protection from cold
                                a - +3 ring of evasion

@: not resistant to hostile enchantments, very unstealthy
A: negative energy resistance 1, electricity resistance, unbreathing,
petrification resistance, rot immunity, AC +4
a: Renounce Religion


You were on level 5 of the Dungeon.
You worshipped Vehumet.
Vehumet was noncommittal.
You were not hungry.

You visited 2 branches of the dungeon, and saw 6 of its levels.

You collected 220 gold pieces.

Inventory:

Hand weapons
 o - a +0 club (weapon)
 r - a +0 rapier
Armour
 k - a +1 ring mail of poison resistance (worn)
 m - a +0 cloak (worn)
 n - a +1 helmet (worn)
Jewellery
 a - a +3 ring of evasion (left hand)
 j - a ring of protection from cold (right hand)
 v - an uncursed ring of invisibility
Scrolls
 g - 2 scrolls of identify
Potions
 b - a potion of ambrosia {unknown}
 d - a potion of lignification {unknown}
 e - a potion of restore abilities {unknown}
 f - 3 potions of curing {unknown}
 i - 2 potions of brilliance
 l - a potion of resistance {unknown}
 p - a potion of haste {unknown}
 s - a potion of flight {unknown}
 u - a potion of heal wounds {unknown}
Books
 c - a book of Minor Magic

   Spells                             Type                      Level
   a - Magic Dart                     Conjuration                  1
   b - Blink                          Translocation                2
   c - Call Imp                       Summoning                    2
   d - Repel Missiles                 Charms/Air                   2
   e - Slow                           Hexes                        2
   f - Conjure Flame                  Conjuration/Fire             3
   g - Mephitic Cloud                 Conjuration/Poison/Air       3
Comestibles
 h - 10 fruits
 t - a royal jelly


   Skills:
 + Level 2.1 Fighting
 + Level 1.8 Maces & Flails
 + Level 1.9 Armour
 + Level 2.2 Dodging
 - Level 2.1 Stealth
 + Level 4.9 Spellcasting
 + Level 5.5 Conjurations
   Level 0.8 Summonings
   Level 0.8 Translocations
 + Level 1.5 Fire Magic
 + Level 1.2 Air Magic
 + Level 1.7 Evocations


You had 6 spell levels left.
You knew the following spells:

 Your Spells              Type           Power        Failure   Level  Hunger
a - Magic Dart            Conj           ####         3%          1    None
b - Mephitic Cloud        Conj/Pois/Air  ##......     34%         3    ##.....
c - Conjure Flame         Conj/Fire      ###.....     21%         3    ##.....
d - Repel Missiles        Chrm/Air       #.....       38%         2    #......


Dungeon Overview and Level Annotations

Branches:
Dungeon (5/15)             Temple (1/1) D:4

Altars:
Dithmenos
Gozag
Okawaru
Trog
Vehumet
Xom

Annotations:
D:3 stathibus' ghost, average DDFi


Innate Abilities, Weirdness & Mutations

You are resistant to torment.
You are immune to poison.
Your stone body is very resilient (AC +4).
You resist negative energy.
You are resistant to electric shocks.
You can survive without breathing.
You are immune to petrification.
You are immune to rotting.


Message History

The centaur shoots an arrow.
The arrow hits you.
You see here 2 arrows.
All of the chunks of flesh in your inventory have rotted away.
You see here an arrow.
The centaur shoots an arrow.
The arrow hits you!
You see here an arrow.
The centaur shoots an arrow.
The arrow closely misses you.
You see here an arrow.
Drink which item? (? for menu, Esc to quit)
Okay, then.
Casting: Magic Dart
Confirm with . or Enter, or press ? or * to list all spells.
Aiming: Conjure Flame
Press: ? - help, Dir - move target cursor, p - centaur The fire roars!
The centaur shoots an arrow.
The arrow hits you.
* * * LOW HITPOINT WARNING * * *
The centaur shoots an arrow.
The arrow hits you.
* * * LOW HITPOINT WARNING * * *
The centaur shoots an arrow.
The arrow hits you.
You die...

#.# ##### # #.#
##...## ####†##
##.###.##
.##...#######.##
##.#
.#...........(#
#c##
..(....#.###..##
##(.# .###.##.##
#.#.###§#(# .#
#.####
#.##(.(##(# .#
#.# #.###@###(#
.# #+##
#.....###.##
###...##
#..........#
##.....##
#..######..#
#.......#
#...#####((#
.........#
#........(.#
.........+
.......###.#
<......†.# .c.#
#.# #.......# ..
..#


You could see a centaur.

Vanquished Creatures
  3 ogres (D:4)
  A sky beast (D:5)
  A giant frog (D:4)
  A scorpion (D:4)
  3 worker ants (D:4)
  Robin (D:3)
  11 adders
  3 gnolls (D:3)
  6 worms
  3 giant geckos
  An ooze (D:3)
  7 orcs
  3 ball pythons
  2 bat skeletons (D:4)
  7 giant cockroaches
  13 hobgoblins
  4 jackals
  3 quokkas
  5 bats
  4 giant newts
  14 goblins
  9 kobolds
  11 rats
116 creatures vanquished.

Notes
Turn   | Place    | Note
--------------------------------------------------------------
     0 | D:1      | DarkTechnomancer, the Gargoyle Wizard, began the quest for the Orb.
     0 | D:1      | Reached XP level 1. HP: 10/10 MP: 4/4
   300 | D:1      | Reached XP level 2. HP: 15/15 MP: 4/6
  1084 | D:2      | Reached XP level 3. HP: 19/19 MP: 5/8
  2022 | D:2      | Reached XP level 4. HP: 24/24 MP: 0/10
  2445 | D:3      | Noticed Robin
  2640 | D:3      | Noticed stathibus' ghost (average DDFi)
  2642 | D:2      | Reached skill level 4 in Spellcasting
  2716 | D:3      | Killed Robin
  3029 | D:3      | Reached XP level 5. HP: 19/28 MP: 1/13
  3627 | D:2      | Learned a level 3 spell: Mephitic Cloud
  3631 | D:2      | Learned a level 3 spell: Conjure Flame
  3634 | D:2      | Learned a level 2 spell: Repel Missiles
  4702 | D:4      | Reached XP level 6. HP: 28/32 MP: 8/15
  5051 | D:4      | Reached skill level 5 in Conjurations
  5100 | D:4      | Noticed an ogre
  5124 | D:4      | Killed an ogre
  5351 | D:4      | Found a staircase to the Ecumenical Temple.
  5359 | Temple   | Entered the Ecumenical Temple
  5376 | Temple   | Became a worshipper of Vehumet
  5461 | D:4      | Noticed an ogre
  5471 | D:4      | Killed an ogre
  5471 | D:4      | Reached skill level 1 in Fighting
  5471 | D:4      | Reached skill level 1 in Maces & Flails
  5471 | D:4      | Reached skill level 1 in Fire Magic
  5471 | D:4      | Reached skill level 1 in Evocations
  5471 | D:4      | Reached XP level 7. HP: 36/38 MP: 9/18
  5477 | D:4      | Reached skill level 1 in Armour
  5826 | D:4      | Reached skill level 1 in Air Magic
  5977 | D:5      | Entered Level 5 of the Dungeon
  6111 | D:5      | Shot with an arrow by a centaur

Action                   |  1- 3 |  4- 6 |  7- 9 || total
-------------------------+-------+-------+-------++-------
Melee: Dagger            |    17 |       |       ||    17
       Club              |       |    74 |    10 ||    84
       Rapier            |       |     9 |       ||     9
 Cast: Magic Dart        |    82 |   226 |    71 ||   379
       Conjure Flame     |       |     1 |     1 ||     2
  Use: Scroll            |     2 |     7 |     1 ||    10
  Eat: Bread ration      |     1 |     1 |       ||     2
       Chunk             |       |     2 |     2 ||     4
       Pizza             |       |     1 |       ||     1
       Beef jerky        |       |     1 |       ||     1
